 Dungeon Crawl Stone Soup version 0.28-a0-834-g1a73be5ee4 (webtiles) character file.

Game seed: 9732118732704539482

2617 ders the Geomancer (level 9, -14/46 HPs)
             Began as a Gargoyle Earth Elementalist on Nov 12, 2021.
             Was a Believer of Vehumet.
             Demolished by an orc warrior (18 damage)
             ... on level 6 of the Dungeon.
             The game lasted 00:24:03 (9098 turns).

ders the Geomancer (Gargoyle Earth Elementalist)    Turns: 9098, Time: 00:24:04

Health: -14/46     AC: 13    Str: 17    XL:     9   Next: 60%
Magic:  13/18      EV: 12    Int: 20    God:    Vehumet [**....]
Gold:   183        SH:  0    Dex: 10    Spells: 15/20 levels left

rFire   . . .      SeeInvis .   i - +1 flail (vorpal)
rCold   . . .      Faith    .   (no shield)
rNeg    + . .      Spirit   .   x - +2 robe of the Harvest {Str+4}
rPois   ∞          Reflect  .   (helmet restricted)
rElec   +          Harm     .   (no cloak)
rCorr   .          Rampage  .   e - +0 pair of gloves
Will    .....                   j - +1 pair of boots
Stlth   ++........              (no amulet)
HPRegen 0.15/turn               (no ring)
MPRegen 0.16/turn               (no ring)

@: flying
A: sickness immunity, AC +6, negative energy resistance 1, electricity
resistance, torment resistance 1, petrification resistance, antennae 1, big
wings, clever 1
a: Renounce Religion


You were on level 6 of the Dungeon.
You worshipped Vehumet.
Vehumet was pleased with you.
You visited 2 branches of the dungeon, and saw 7 of its levels.
You also visited: Sewer.

You collected 183 gold pieces.

Inventory:

Hand Weapons
 i - a +1 vorpal flail (weapon)
Missiles
 c - 24 stones
Armour
 b - a +0 robe
 e - a +0 pair of gloves (worn)
 j - a +1 pair of boots (worn)
 x - the +2 robe of the Harvest (worn) {Str+4}
   (You found it on level 5 of the Dungeon)

   Str:       It affects your strength (+4).
Magical Staves
 g - a staff of cold
Jewellery
 f - a ring of magical power
Wands
 w - a wand of flame (22)
Scrolls
 h - 3 scrolls of teleportation
 m - a scroll of blinking
Potions
 a - 3 potions of degeneration {unknown}
 d - a potion of lignification
 k - 2 potions of flight
 q - a potion of might {unknown}
 t - a potion of resistance {unknown}
 z - a potion of magic {unknown}


   Skills:
 + Level 0.4 Fighting
 - Level 2.7 Dodging
 - Level 4.1 Stealth
 + Level 0.9 Unarmed Combat
 + Level 6.3 Spellcasting
 * Level 8.0 Conjurations
 + Level 1.2 Transmutations
 * Level 1.5 Fire Magic
 + Level 8.3 Earth Magic


You had 15 spell levels left.
You knew the following spells:

 Your Spells              Type           Power      Damage    Failure   Level
a - Sandblast             Erth           78%        2d17      1%          1
b - Stone Arrow           Conj/Erth      78%        3d11      1%          3
c - Foxfire               Conj/Fire      100%       2x1d9     1%          1

Your spell library contained the following spells:

 Spells                   Type           Power      Damage    Failure   Level
 Passwall                 Tmut/Erth      20%        N/A       2%          2
 Iskenderun's Battlesphe  Conj           38%        2d9       10%         5
 Petrify                  Tmut/Erth      25%        N/A       14%         4
 Fireball                 Conj/Fire      12%        3d7       36%         5
 Irradiate                Conj/Tmut      12%        3d17      38%         5
 Conjure Ball Lightning   Conj/Air       11%        3x3d6     96%         6
 Orb of Destruction       Conj           19%        9d8       97%         7
 Sublimation of Blood     Necr           Unusable   N/A       N/A         2

Dungeon Overview and Level Annotations

Branches:
Dungeon (6/15)             Temple (1/1) D:5           Sewer (visited)

Altars:
Cheibriados
Dithmenos
Hepliaklqana
Makhleb
Okawaru
Ru
Uskayaw
Vehumet
Xom
The Shining One

Annotations:
D:4 Eustachio


Innate Abilities, Weirdness & Mutations

You are immune to sickness and miasma.
Your stone body is resilient. (AC +6)
You are immune to poison.
You resist negative energy. (rN+)
You are resistant to electric shocks. (rElec)
You are resistant to unholy torment.
You are immune to petrification.
You have a pair of small antennae on your head.
Your large and strong wings let you fly.
Your mind is acute. (Int +2)


Message History

Casting: Foxfire (safe; 1% risk of failure)
Confirm with . or Enter, or press ? or * to list all spells.
You conjure some foxfire!
Unknown command.
Casting: Foxfire (safe; 1% risk of failure)
Confirm with . or Enter, or press ? or * to list all spells.
You conjure some foxfire!
The foxfire hits the orc warrior.
The orc warrior is heavily wounded.
The foxfire hits the orc warrior!
The orc warrior is severely wounded.
The orc warrior hits you with a +7 flail!
Unknown command.
Casting: Foxfire (safe; 1% risk of failure)
Confirm with . or Enter, or press ? or * to list all spells.
You conjure some foxfire!
The foxfire hits the orc warrior but does no damage.
The orc warrior is severely wounded.
The foxfire hits the orc warrior but does no damage.
The orc warrior is severely wounded.
The orc warrior hits you with a +7 flail!
Unknown command.
Casting: Foxfire (safe; 1% risk of failure)
Confirm with . or Enter, or press ? or * to list all spells.
You conjure some foxfire!
The foxfire hits the orc warrior but does no damage.
The orc warrior is severely wounded.
The foxfire hits the orc warrior but does no damage.
The orc warrior is severely wounded.
The orc warrior hits you with a +7 flail!!
* * * LOW HITPOINT WARNING * * *
Unknown command.
Casting: Foxfire (safe; 1% risk of failure)
Confirm with . or Enter, or press ? or * to list all spells.
You conjure some foxfire!
The foxfire hits the orc warrior but does no damage.
The orc warrior is severely wounded.
The foxfire hits the orc warrior!
The orc warrior is almost dead.
The orc warrior hits you with a +7 flail!!
You die...

..#......[[# #._.#
..#.....[..# #...#
..#.......#####...#####
..#.......#...........#
..#.......#._.§§#...8.#
..#.....[.#,,.§§§§...,*
'####.....#####§§§#****
....').....#..#§o§#
....#[.....#..#§@v#
....#[.....#..#§§v#
....#.<....#..#§§§#
....#......#..#§§§#
#####......#.##§§§##
...........#.#§§§§§#
...........#..§§§§.#
...........#....####
..[........#....#


You could see an orc warrior (ally target).

Vanquished Creatures
  2 kobold demonologists (D:5)
  2 vampire mosquitoes (D:6)
  A black bear (D:4)
  A necrophage (D:6)
  An ice beast (D:5)
  4 ogres
  3 kobold brigands (D:5)
  2 bullfrogs (Sewer)
  A water moccasin skeleton (D:4)
  4 wights (D:6)
  A bullfrog zombie (D:6)
  A jelly (D:3)
  A centaur skeleton (D:4)
  3 orc priests
  A bullfrog skeleton (D:6)
  Terence (D:2)
  2 iguanas
  2 orc wizards
  16 adders
  4 gnolls
  A river rat (D:6)
  2 white imps
  An adder zombie (D:6)
  2 worms (D:2)
  2 dart slugs (D:4)
  15 orcs
  13 endoplasms
  13 giant cockroaches
  13 goblins
  4 hobgoblins
  11 kobolds
  13 quokkas
  14 ball pythons
  8 bats
  17 frilled lizards
  6 rats
188 creatures vanquished.

Vanquished Creatures (collateral kills)
  A worm (D:2)
1 creature vanquished.

Vanquished Creatures (others)
  111 foxfires
111 creatures vanquished.

Grand Total: 300 creatures vanquished

Notes
Turn   | Place    | Note
-------+----------+-------------------------------------------
     0 | D:1      | ders the Gargoyle Earth Elementalist began the quest for
                  | the Orb.
     0 | D:1      | Reached XP level 1. HP: 10/10 MP: 3/3
   244 | D:1      | Reached skill level 1 in Transmutations
   244 | D:1      | Reached XP level 2. HP: 15/15 MP: 3/5
  1045 | D:2      | Reached XP level 3. HP: 19/19 MP: 3/6
  1113 | D:1      | Learned a level 3 spell: Stone Arrow
  1394 | D:2      | Found a faded altar of an unknown god.
  2225 | D:2      | Reached XP level 4. HP: 5/24 MP: 7/7
  2797 | D:2      | Reached skill level 1 in Conjurations
  3091 | D:3      | Noticed Terence
  3242 | D:2      | Killed Terence
  3243 | D:2      | Reached XP level 5. HP: 17/28 MP: 1/9
  4239 | D:4      | Reached skill level 5 in Earth Magic
  4396 | D:4      | Reached XP level 6. HP: 30/32 MP: 2/11
  4830 | D:4      | Noticed Eustachio
  4832 | D:4      | Noticed a black bear
  4920 | D:4      | Reached XP level 7. HP: 36/36 MP: 8/12
  5345 | D:5      | Entered Level 5 of the Dungeon
  5701 | D:5      | Found a staircase to the Ecumenical Temple.
  5723 | Temple   | Entered the Ecumenical Temple
  5759 | Temple   | Became a worshipper of Vehumet
  5822 | D:5      | Noticed a kobold demonologist
  5824 | D:5      | Noticed a kobold demonologist
  5946 | D:5      | Killed a kobold demonologist
  5947 | D:5      | Reached XP level 8. HP: 41/41 MP: 4/15
  6028 | D:5      | Reached skill level 5 in Spellcasting
  6028 | D:5      | Reached skill level 5 in Conjurations
  6275 | D:5      | Identified the +2 robe of the Harvest {Str+4}
  6396 | D:5      | Noticed a hellwing
  6397 | D:5      | Noticed a rust devil
  6520 | D:5      | Noticed a red devil
  6520 | D:5      | Killed a kobold demonologist
  6630 | D:6      | Reached XP level 9. HP: 45/45 MP: 7/17
  7014 | D:6      | Found a glowing drain.
  7027 | Sewer    | Entered a sewer
  7037 | Sewer    | Gained mutation: You have a pair of small antennae on your
                  | head. [potion of mutation]
  7037 | Sewer    | Gained mutation: Your large and strong wings let you fly.
                  | [potion of mutation]
  7037 | Sewer    | Gained mutation: Your mind is acute. (Int +2) [potion of
                  | mutation]
  7041 | Sewer    | Reached * piety under Vehumet
  7041 | Sewer    | Offered knowledge of Freeze by Vehumet.
  8128 | Sewer    | Offered knowledge of Foxfire by Vehumet.
  8163 | Sewer    | Reached ** piety under Vehumet
  8273 | Sewer    | Learned a level 1 spell: Foxfire
  8684 | D:6      | Reached skill level 1 in Fire Magic
  9090 | D:6      | Found a hazy altar of Hepliaklqana.
  9091 | D:6      | Found a faded altar of an unknown god.
  9098 | D:6      | Demolished by an orc warrior

Illustrated notes

Levels and vault maps discovered:
D:1:      elethiomel_arrival_diamonds, layout_rooms
D:2:      layout_basic, chequers_ecumenical_altar_twisty
D:3:      layout_basic, uniq_terence
D:4:      layout_rooms, minmay_liquid_box, minmay_distorted, uniq_eustachio
D:5:      layout_rooms, minmay_temple_entry_mini_moons
D:6:      layout_gridville, beargit_hepliaklqana_dungeon_heroes,
          cheibrodos_sewer_entry_sluice
Temple:   compressed_dpeg_circular_temple

Skill      XL: |  1  2  3  4  5  6  7  8  9 |
---------------+----------------------------+-----
Transmutations | 1 |  1.2
Earth Magic    | 4 5 6 7 8 |  8.3
Dodging        | 2 |  2.7
Conjurations   | 1 2 4 6 8 |  8.0
Spellcasting   | 3 4 5 6 |  6.3
Stealth        | 3 4 |  4.1
Fire Magic     | 1 |  1.5
Fighting       | |  0.4
Unarmed Combat | |  0.9

Action                   |  1- 3 |  4- 6 |  7- 9 || total
-------------------------+-------+-------+-------++-------
Melee: Unarmed           |    57 |    20 |     2 ||    79
       Flail             |       |       |     5 ||     5
 Cast: Sandblast         |    50 |    47 |    22 ||   119
       Stone Arrow       |       |    27 |   109 ||   136
       Foxfire           |       |       |    72 ||    72
  Use: Scroll            |     1 |       |    13 ||    14
       Potion            |       |     1 |     3 ||     4
 Stab: Sleeping          |     1 |       |       ||     1
Armor: Robe              |    23 |    26 |    66 ||   115
Dodge: Dodged            |    44 |    51 |   143 ||   238

Table legend: (Time is in decaauts)
 A = Elapsed time spent in this place.
 B = Non-inter-level travel time spent in this place.
 C = Inter-level travel time spent in this place.
 D = Time resting spent in this place.
 E = Time spent auto-exploring this place.
 F = Levels seen in this place.
 G = Mean time per level.
                   A        B        C        D        E       F      G
               +--------+--------+--------+--------+--------+-----+--------+
         Total |   9115 |   8773 |    342 |   4508 |   2684 |   8 | 1139.4 |
       Dungeon |   7635 |   7314 |    321 |   3543 |   2555 |   6 | 1272.5 |
        Temple |     45 |     24 |     21 |      0 |     18 |   1 |   45.0 |
         Sewer |   1434 |   1434 |      0 |    965 |    111 |   1 | 1434.0 |
               +--------+--------+--------+--------+--------+-----+--------+

Top non-repeatable levels by time:
     D:2: 1966 daAuts
     D:4: 1586 daAuts
   Sewer: 1434 daAuts
     D:3: 1305 daAuts
     D:1: 1043 daAuts
     D:6: 986 daAuts
     D:5: 747 daAuts
  Temple: 45 daAuts
